 Dungeon Crawl Stone Soup version 0.19.1-1-g22dce08 (webtiles) character file.

4954 Kiturien the Covert (level 10, -2/68 HPs)
             Began as an Octopode Fighter on Jan 17, 2017.
             Was an Elder of Dithmenos.
             Slain by an unseen horror (9 damage)
             ... on level 9 of the Dungeon on Jan 18, 2017.
             The game lasted 00:46:29 (9002 turns).

Kiturien the Covert (Octopode Fighter)              Turns: 9002, Time: 00:46:30

Health: -2/68      AC:  1    Str: 15    XL:     10   Next: 53%
Magic:  10/10      EV: 14    Int: 10    God:    Dithmenos [****..]
Gold:   100        SH: 13    Dex: 11    Spells: 0 memorised, 9 levels left

rFire  . . .     SeeInvis .     Y - +4 rapier (speed)
rCold  + . .     Gourm    .     u - +1 shield
rNeg   + . .     Faith    .     N - +0 hat
rPois  +         Spirit   .     R - amulet of Ixkut {Reflect rC+ rN+ Dex-5 SH+2}
rElec  .         Reflect  +     y - ring of poison resistance
rCorr  .         Harm     .     (no ring)
MR     .....                    (no ring)
Stlth  +++++++++.               (no ring)
                                (no ring)
                                (no ring)
                                (no ring)
                                (no ring)

@: very slightly contaminated, wreathed by umbra
A: almost no armour, stealthy swim, amphibious, 8 rings, constrict 8, camouflage
1, gelatinous body 1
a: Shadow Step, Renounce Religion


You were on level 9 of the Dungeon.
You worshipped Dithmenos.
Dithmenos was greatly pleased with you.
You were not hungry.

You visited 1 branch of the dungeon, and saw 9 of its levels.

You collected 330 gold pieces.
You spent 230 gold pieces at shops.

Inventory:

Hand Weapons
 a - a +0 rapier
 b - a +0 blowgun
 w - a +0 dagger
 z - a +3 dagger of electrocution
 A - a +3 dire flail of protection
 F - a +4 dagger
 M - the +6 mace "Difikapt" {crush, *Corrode rC- rN++ Dex+2}
   (You found it on level 7 of the Dungeon)

   It inflicts extra damage upon your enemies.
   It affects your dexterity (+2).
   It makes you vulnerable to cold.
   It greatly protects you from negative energy.
   It may corrode you when you take damage.
 Y - a +4 rapier of speed (weapon)
Missiles
 k - 67 poisoned needles
Armour
 u - a +1 shield (worn)
 N - a +0 hat (worn)
Magical Staves
 O - an uncursed staff of cold {unknown}
Jewellery
 j - an uncursed amulet of the gourmand
 y - a ring of poison resistance (left tentacle)
 R - the amulet of Ixkut (around mantle) {Reflect rC+ rN+ Dex-5 SH+2}
   (You found it on level 8 of the Dungeon)

   [amulet of reflection]

   It shields you and reflects attacks.
   It affects your dexterity (-5).
   It protects you from cold.
   It protects you from negative energy.
   It affects your SH (+2).
 X - a -2 ring of intelligence
Wands
 v - a wand of paralysis (24/24)
 x - a wand of random effects (11/48)
 C - a wand of enslavement (6/24)
 D - a wand of acid (2/15)
 E - a wand of polymorph (20/24)
 H - a wand of paralysis (13/24)
Scrolls
 f - 4 scrolls of enchant weapon
 g - 4 scrolls of remove curse
 n - 6 scrolls of enchant armour
 p - 3 scrolls of amnesia
 q - a scroll of fog
 t - 2 scrolls of teleportation
 K - a scroll of acquirement {unknown}
 T - a scroll of summoning {unknown}
 U - a scroll of magic mapping {unknown}
Potions
 c - a potion of might
 e - a potion of mutation {unknown}
 h - 2 potions of agility
 l - a potion of brilliance
 m - 3 potions of heal wounds
 o - 6 potions of curing
 r - 2 potions of flight {unknown}
 s - 3 potions of cancellation
 G - a potion of lignification {unknown}
 I - 2 potions of ambrosia {unknown}
 J - 2 potions of cure mutation {unknown}
 L - a potion of magic {unknown}
 Q - 2 potions of haste
 V - a potion of invisibility {unknown}
Comestibles
 d - 4 bread rations
 i - 2 slices of pizza
 P - 3 fruits
 S - 4 beef jerkies


   Skills:
 * Level 5.6 Fighting
 + Level 8.0 Short Blades
 + Level 1.5 Throwing
 + Level 5.9 Dodging
 + Level 12.8 Stealth
 * Level 6.3 Shields


You had 9 spell levels left.
You didn't know any spells.

Dungeon Overview and Level Annotations

Branches:
Dungeon (9/15)             Temple (0/1) D:6
   Lair: D:8-11         Orc: D:9-12

Altars:
Dithmenos
Fedhas
Makhleb
Okawaru
Qazlal
Trog
Vehumet
Yredelemnul
The Shining One

Shops:
D:9 (


Innate Abilities, Weirdness & Mutations

You cannot wear most types of armour.
You are very stealthy in the water. (Stealth+)
You are amphibious.
You can wear up to eight rings at the same time.
You can use your tentacles to constrict eight enemies at once.
Your skin changes colour to match your surroundings (Stealth+).
Your rubbery body absorbs attacks. (AC +1, EV +1)


Message History

Your squeeze misses the two-headed ogre.
The two-headed ogre is lightly wounded.
Something hits you!
You hit the two-headed ogre.
The two-headed ogre is moderately wounded.
Something hits you. You block the two-headed ogre's attack.
The two-headed ogre hits you with a giant spiked club!!
* * * LOW HITPOINT WARNING * * *
Something barely misses you. You block something's attack. Something hits you.
* * * LOW HITPOINT WARNING * * *
Blink to where?
Press: ? - help, Dir - move target cursor, p - two-headed ogre You are very lightly contaminated with residual magic.
As you read the scroll of blinking, it crumbles to dust.
Blink to where?
Press: ? - help, Dir - move target cursor
As you read the scroll of blinking, it crumbles to dust.
You block something's attack. Something barely misses you. Something hits you!
You die...

.# ##.## . . .... #. ..# ##.## .#
.....## ##. #..##..# ## .#.
#..###.. ##.....#####.## ...
#...#. ..............# #.# #.###.
........<###..## #.# #.# #.
.......#####...#####.## ##.# #.
##....#####.....##....## ##..###.
.............##.@.###..###....##.
............###.### ##....####...
...........## #.# ##{..## #..
...........# ##.#######....####.#
.......##..###.#................#
......####...............{.......
...#.## ##.......................
..... #....[...................
..... #..........................


There were no monsters in sight!

Vanquished Creatures
  Pikel (D:9)
  Joseph (D:7)
  The ghost of Kiturien the Skirmisher, an amateur OpFi (D:4)
  A hippogriff (D:8)
  A yak (D:8)
  Grum (D:9)
  Menkaure (D:7)
  Edmund (D:4)
  Duvessa (D:7)
  3 ice beasts
  An orc warrior (D:6)
  A phantom (D:7)
  A slave (D:9)
  A black bear (D:8)
  An ogre (D:8)
  4 wolves (D:9)
  4 centaurs
  A crocodile (D:7)
  2 bullfrogs
  A big kobold (D:8)
  Dowan (D:7)
  3 scorpions
  A water moccasin skeleton (D:8)
  2 howler monkeys
  A jelly (D:5)
  3 crimson imps
  A bullfrog zombie (D:5)
  A quasit (D:8)
  4 hounds
  5 orc wizards
  A bullfrog skeleton (D:4)
  A gnoll shaman (D:4)
  An orc priest (D:4)
  Crazy Yiuf (D:7)
  A centaur skeleton (D:7)
  Natasha (thrice) (D:3)
  6 iguanas
  5 worker ants
  A hound zombie (D:8)
  2 hound skeletons (D:8)
  A howler monkey zombie (D:6)
  4 gnolls (D:4)
  3 howler monkey skeletons
  5 adders
  An ooze (D:3)
  An adder zombie (D:8)
  2 worms
  13 leopard geckos
  24 orcs
  2 ball pythons
  9 bats
  3 giant cockroaches
  5 goblins
  11 hobgoblins
  8 jackals
  13 kobolds
  4 quokkas
  2 frilled lizards (D:1)
  14 rats
  A plant (D:1)
199 creatures vanquished.

Vanquished Creatures (others)
  2 slaves (D:9)
  A centaur (D:9)
  A big kobold (D:9)
  An orc priest (D:4)
  An orc (D:4)
  3 kobolds (D:9)
9 creatures vanquished.

Grand Total: 208 creatures vanquished

Notes
Turn   | Place    | Note
-------+----------+-------------------------------------------
     0 | D:1      | Kiturien the Octopode Fighter began the quest for the Orb.
     0 | D:1      | Reached XP level 1. HP: 16/16 MP: 1/1
   112 | D:1      | Reached XP level 2. HP: 15/21 MP: 2/2
   545 | D:1      | Reached skill level 1 in Stealth
   564 | D:1      | Reached XP level 3. HP: 10/26 MP: 3/3
  1313 | D:2      | You fall through a shaft for 2 floors!
  1330 | D:4      | Found a shadowy altar of Dithmenos.
  1333 | D:4      | Became a worshipper of Dithmenos the Shadowed
  1359 | D:4      | Reached skill level 2 in Stealth
  1359 | D:4      | Reached XP level 4. HP: 26/31 MP: 4/4
  1416 | D:3      | Reached skill level 3 in Stealth
  1416 | D:3      | Reached XP level 5. HP: 36/36 MP: 5/5
  1489 | D:3      | Found a stormy altar of Qazlal.
  1581 | D:3      | Noticed Natasha
  1584 | D:3      | Killed Natasha
  1600 | D:3      | Noticed Natasha
  1605 | D:3      | Killed Natasha
  1605 | D:3      | Reached skill level 4 in Stealth
  1789 | D:3      | Noticed Natasha
  1810 | D:3      | Killed Natasha
  1810 | D:3      | Reached XP level 6. HP: 9/43 MP: 6/6
  2279 | D:3      | Found a blossoming altar of Fedhas.
  2279 | D:3      | Found a burning altar of Makhleb.
  2415 | D:3      | Reached * piety under Dithmenos
  2908 | D:4      | Noticed Kiturien's ghost (amateur OpFi)
  2927 | D:4      | Killed Kiturien's ghost
  2927 | D:4      | Reached skill level 5 in Stealth
  2927 | D:4      | Reached XP level 7. HP: 14/48 MP: 7/7
  3848 | D:4      | Noticed Edmund
  3893 | D:4      | Killed Edmund
  3893 | D:4      | Reached skill level 1 in Throwing
  4039 | D:4      | Found a radiant altar of Vehumet.
  4048 | D:4      | Reached skill level 5 in Short Blades
  4311 | D:5      | Entered Level 5 of the Dungeon
  4441 | D:5      | Reached skill level 6 in Stealth
  4441 | D:5      | Reached XP level 8. HP: 53/54 MP: 8/8
  4739 | D:5      | Reached ** piety under Dithmenos
  5405 | D:6      | Found a glowing golden altar of the Shining One.
  5414 | D:6      | Found a basalt altar of Yredelemnul.
  5545 | D:6      | Reached skill level 7 in Stealth
  5645 | D:6      | Found a staircase to the Ecumenical Temple.
  5863 | D:6      | Found a bloodstained altar of Trog.
  5872 | D:6      | Reached skill level 8 in Stealth
  6099 | D:6      | Noticed an angel
  6110 | D:6      | Noticed a profane servitor
  6168 | D:7      | Reached XP level 9. HP: 60/60 MP: 9/9
  6246 | D:7      | Noticed Duvessa
  6247 | D:7      | Noticed Dowan
  6269 | D:7      | Killed Duvessa
  6269 | D:7      | Reached skill level 5 in Dodging
  6277 | D:7      | Killed Dowan
  6277 | D:7      | Reached skill level 9 in Stealth
  6552 | D:7      | Reached *** piety under Dithmenos
  6720 | D:7      | Reached skill level 5 in Shields
  6773 | D:7      | Reached skill level 5 in Fighting
  6775 | D:7      | Noticed Joseph
  6797 | D:7      | Killed Joseph
  6797 | D:7      | Reached skill level 10 in Stealth
  6936 | D:7      | Noticed Menkaure
  6999 | D:7      | Killed Menkaure
  7208 | D:7      | Found an iron altar of Okawaru.
  7264 | D:7      | Found a runed door.
  7268 | D:7      | Noticed Crazy Yiuf
  7272 | D:7      | Killed Crazy Yiuf
  7416 | D:7      | Got a dazzling mace
  7417 | D:7      | Identified the +6 mace "Difikapt" {crush, *Corrode rC- rN++ Dex+2} (You found it on level 7 of the Dungeon)
  7811 | D:8      | Reached skill level 11 in Stealth
  7852 | D:8      | Reached XP level 10. HP: 66/66 MP: 10/10
  7972 | D:8      | Got a steaming amethyst amulet
  7973 | D:8      | Identified the amulet of Ixkut {Reflect rC+ rN+ Dex-5 SH+2} (You found it on level 8 of the Dungeon)
  8434 | D:8      | Reached skill level 12 in Stealth
  8466 | D:9      | Noticed Pikel
  8470 | D:9      | Killed Pikel
  8540 | D:9      | Noticed Grum
  8542 | D:9      | Killed Grum
  8559 | D:9      | Reached **** piety under Dithmenos
  8970 | D:9      | Found Xeomp's Antique Weapon Shoppe.
  8980 | D:9      | Bought a glowing rapier for 230 gold pieces
  9002 | D:9      | Slain by an unseen horror

Skill      XL: |  1  2  3  4  5  6  7  8  9 10 |
---------------+-------------------------------+-----
Stealth        | 1 2 3 4 5 6 8 11 12 | 12.8
Short Blades   | 3 4 5 6 7 8 |  8.0
Fighting       | 4 5 |  5.6
Dodging        | 4 5 |  5.9
Shields        | 4 5 6 |  6.3
Throwing       | 1 |  1.5

Action                   |  1- 3 |  4- 6 |  7- 9 | 10-12 || total
-------------------------+-------+-------+-------+-------++-------
Melee: Rapier            |    66 |    84 |    88 |     4 ||   242
       Constrict         |    11 |    18 |    49 |     9 ||    87
       Tentacles         |    14 |    11 |    57 |    11 ||    93
       Dagger            |       |       |   159 |    51 ||   210
 Fire: Blowgun           |       |     4 |     5 |       ||     9
Evoke: Wand              |       |       |       |     1 ||     1
  Use: Scroll            |       |     9 |     5 |     6 ||    20
       Potion            |       |       |     2 |       ||     2
 Stab: Sleeping          |     9 |     5 |    31 |     9 ||    54
       Distracted        |       |     2 |     1 |     1 ||     4
  Eat: Bread ration      |     1 |       |     2 |       ||     3
       Meat ration       |       |     1 |       |       ||     1
       Chunk             |       |       |     3 |       ||     3
       Pizza             |       |       |     1 |       ||     1
       Beef jerky        |       |       |       |     2 ||     2
Armor: Skin              |     4 |     4 |     4 |       ||    12
Dodge: Dodged            |    12 |    29 |    93 |    18 ||   152
Block: Shield            |    26 |    25 |    72 |    37 ||   160
       Reflection        |       |       |       |     7 ||     7
